 Dungeon Crawl Stone Soup version 0.17.1-1-g73c8601 (webtiles) character file.

1165249 demifrog the Metallomancer (level 27, -5/168 HPs)
             Began as a Gargoyle Earth Elementalist on Dec 18, 2015.
             Was the Champion of Zin.
             Engulfed by Lom Lobon's freezing vapour (24 damage)
             ... in Pandemonium on Dec 24, 2015.
             The game lasted 1 day 10:48:26 (123195 turns).

demifrog the Metallomancer (GrEE)             Turns: 123195, Time: 1 , 10:48:26

Health: -5/168     AC: 64    Str: 30      XL:     27
Magic:  1/58       EV: 18    Int: 33 (36) God:    Zin [******]
Gold:   3665       SH: 17    Dex: 16      Spells: 13 memorised, 7 levels left

rFire  + + .     SeeInvis +     b - +9 Staff of Wucad Mu {channel}
rCold  x . .     Clarity  +     g - +5 fire dragon armour
rNeg   + + +     SustAt   .     B - +2 shield {rN+}
rPois  ∞         Gourm    .     i - +2 helmet {Int+3}
rElec  +         Spirit   .     o - +2 cloak {MR+}
rCorr  .         Warding  .     Z - +2 pair of gloves {Str+3}
rMut   .         Stasis   .     Q - +0 pair of boots of Hyuzong {Regen+ Stlth+}
MR     +++++                    C - amulet of the Four Winds {Clar rN+ MR+++}
Stlth  +++++.....               z - ring of see invisible
                                X - ring of Xufiaxt {+Inv MP+9 Str+3 Int+2}

@: vitalised, stone skin, frozen, flying, very slightly contaminated, repel
missiles, very slow, almost entirely resistant to hostile enchantments, quite
stealthy
A: big wings, hooves 1, yellow scales 1, magic resistance 1, mutation resistance
1, negative energy resistance 1, electricity resistance, strong 1, unbreathing,
petrification resistance, rot immunity, AC +20
a: Stop Flying, Recite, Vitalisation, Imprison, Sanctuary, Donate Gold, Cure All
Mutations, Renounce Religion, Evoke Invisibility
}: 11/15 runes: serpentine, barnacled, slimy, silver, golden, iron, obsidian,
icy, bone, abyssal, demonic


You were in Pandemonium.
You worshipped Zin.
Zin was exalted by your worship.
You were not hungry.

You visited 18 branches of the dungeon, and saw 95 of its levels.
You visited Pandemonium 1 time, and saw 12 of its levels.
You visited the Abyss 2 times.
You also visited: Labyrinth, Trove and Ossuary.

You collected 19613 gold pieces.
You spent 11915 gold pieces at shops.
You donated 4033 gold pieces to Zin.

Inventory:

Hand Weapons
 b - the +9 Staff of Wucad Mu (weapon) {channel}
   (You bought it in a shop on level 8 of the Dungeon)
 h - a +9 eveningstar of holy wrath
 M - the +6 spear "Wilou" {venom, +Rage}
   (You found it in Pandemonium)

   It poisons the flesh of those it strikes.
   It lets you go berserk.
Missiles
 I - 16 stones (quivered)
Armour
 g - a +5 fire dragon armour (worn)
 i - a +2 helmet of intelligence (worn)
 o - a +2 cloak of magic resistance (worn)
 B - a +2 shield of positive energy (worn)
 Q - the +0 pair of boots of Hyuzong (worn) {Regen+ Stlth+}
   (You found it on level 7 of the Dungeon)

   It increases your rate of regeneration.
   It makes you more stealthy.
 W - the +1 robe of Surprise {rN+ Int+4, unknown}
   (You found it in Pandemonium)

   It affects your intelligence (+4).
   It protects you from negative energy.
 Z - a +2 pair of gloves of strength (worn)
Magical Staves
 a - an uncursed staff of conjuration
 e - an uncursed staff of earth
 f - an uncursed staff of fire
 s - an uncursed staff of summoning
 E - an uncursed staff of energy
Jewellery
 d - a +5 ring of intelligence
 l - an uncursed ring of protection from fire
 z - a ring of see invisible (right hand)
 C - the amulet of the Four Winds (around neck) {Clar rN+ MR+++}
   (You found it on level 3 of the Depths)

   [amulet of clarity]

   It provides mental clarity.
   It protects you from negative energy.
   It affects your resistance to hostile enchantments.
 G - the amulet "Eron" {Gourm rC+}
   (You took it off a deep elf annihilator on level 3 of the Elven Halls)

   [amulet of the gourmand]

   It allows you to eat raw meat even when not hungry.
   It protects you from cold.
 N - an uncursed amulet of clarity {unknown}
 O - an uncursed ring of wizardry
 X - the ring of Xufiaxt (left hand) {+Inv MP+9 Str+3 Int+2}
   (You found it on level 3 of the Tomb of the Ancients)

   [ring of magical power]

   It affects your strength (+3).
   It affects your intelligence (+2).
   It affects your magic capacity (+9).
   It lets you turn invisible.
Wands
 k - a wand of cold (6)
 m - a wand of teleportation (4)
 u - a wand of digging (6)
 F - a wand of disintegration (10)
 V - a wand of hasting (1)
Scrolls
 r - 16 scrolls of teleportation
 v - 3 scrolls of remove curse
 w - 5 scrolls of fog
 D - a scroll of magic mapping
 J - 7 scrolls of recharging
 K - 2 scrolls of enchant weapon
 S - a scroll of blinking
 T - 9 scrolls of fear
Potions
 c - 4 potions of resistance
 j - 2 potions of brilliance
 t - a potion of berserk rage
 x - 2 potions of cancellation
 H - 11 potions of might
 R - 2 potions of agility
 U - 8 potions of curing
Miscellaneous
 p - a phial of floods
 q - a sack of spiders {used: 1}
 y - a stone of tremors
Comestibles
 n - 8 bread rations
 A - 17 fruits
 P - 2 meat rations


   Skills:
 + Level 16.0 Fighting
 + Level 13.0 Maces & Flails
 + Level 21.9 Armour
 + Level 11.2 Dodging
 + Level 13.9 Stealth
 - Level 15.4 Shields
 + Level 22.9 Spellcasting
 - Level 19.1 Conjurations
 - Level 18.8 Summonings
 - Level 3.5 Transmutations
 - Level 22.0 Fire Magic
 + Level 26.9 Earth Magic
 - Level 20.5 Invocations
 - Level 21.2 Evocations


You had 7 spell levels left.
You knew the following spells:

 Your Spells              Type           Power        Failure   Level  Hunger
a - Stoneskin             Trmt/Erth      #######.     0%          2    None
c - Conjure Flame         Conj/Fire      ########     0%          3    None
d - Lee's Rapid Deconstr  Erth           ########..   0%          5    None
e - Spellforged Servitor  Conj/Summ      ########..   1%          7    None
f - Fireball              Conj/Fire      ########..   0%          5    None
j - Aura of Abjuration    Summ           ########..   0%          5    None
r - Summon Hydra          Summ           ########..   1%          7    None
s - Shadow Creatures      Summ           N/A          0%          5    None
t - Blink                 Tloc           N/A          1%          2    None
v - Bolt of Fire          Conj/Fire      ########..   1%          6    None
x - Iron Shot             Conj/Erth      ########..   1%          6    None
D - Repel Missiles        Chrm/Air       #####.       1%          2    None
S - Shatter               Erth           ########..   4%          9    #####..


Dungeon Overview and Level Annotations

Branches:
Dungeon (15/15)            Temple (1/1) D:6            Lair (8/8) D:11
 Shoals (4/4) Lair:6        Snake (4/4) Lair:3        Slime (6/6) Lair:8
    Orc (4/4) D:12            Elf (3/3) Orc:4        Vaults (5/5) D:14
  Crypt (3/3) Vaults:2       Tomb (3/3) Crypt:3      Depths (5/5) D:15
   Hell (1/1)                 Dis (7/7) Hell            Geh (7/7) Hell
    Coc (7/7) Hell            Tar (7/7) Hell            Zot (5/5) Depths:5

Altars:
Ashenzari
Cheibriados
Dithmenos
Elyvilon
Fedhas
Gozag
Kikubaaqudgha
Makhleb
Nemelex Xobeh
Okawaru
Qazlal
Ru
Sif Muna
Trog
Vehumet
Xom
Yredelemnul
Zin
The Shining One
Beogh
Jiyva
Lugonu

Shops:
D:8 ([   Orc:2 ?[   Orc:4 (:?:   Shoals:3 *   Vaults:2 [

Portals:
Hell: Lair:8 Depths:1 Depths:2 Depths:3 Depths:4 Depths:5
Abyss: Depths:3 Depths:4 Depths:5
Pandemonium: Depths:3
Ziggurat: Depths:2

Annotations:
Zot:5 1 exclusion
Pan Lom Lobon


Innate Abilities, Weirdness & Mutations

You are resistant to torment.
Your stone body is resilient (AC +20).
You are immune to poison.
Your large and strong wings let you fly indefinitely.
You resist negative energy.
You are resistant to electric shocks.
You can survive without breathing.
You are immune to petrification.
You are immune to rotting.
You have large cloven feet.
You are partially covered in yellow scales (AC +2).
You are resistant to hostile enchantments.
You are somewhat resistant to further mutation.
Your muscles are strong. (Str +2)


Message History

Ouch! That really hurt!
* * * LOW HITPOINT WARNING * * *
You are encased in ice.
The great icy blast engulfs your spellforged servitor.
Your spellforged servitor partially resists.
Your spellforged servitor is flash-frozen.
Your ten-headed hydra completely misses Lom Lobon.
Your ten-headed hydra closely misses Lom Lobon.
Your ten-headed hydra barely misses Lom Lobon.
Your ten-headed hydra misses Lom Lobon.
Your ten-headed hydra closely misses Lom Lobon.
Your ten-headed hydra completely misses Lom Lobon.
Your ten-headed hydra bites Lom Lobon.
Your ten-headed hydra bites Lom Lobon!
Your ten-headed hydra barely misses Lom Lobon.
Your ten-headed hydra closely misses Lom Lobon.
You hear a shout! x2
Casting: Spellforged Servitor
Confirm with . or Enter, or press ? or * to list all spells.
You blink.
You are engulfed in freezing vapours.
You die...

#≈≈≈≈≈####.....$G##≈≈G≈≈≈≈≈≈≈≈≈
##≈≈≈###...........###≈≈≈≈≈≈,,,,
#≈≈≈##........D......##≈≈≈≈,,,,,
##≈≈##.......D&φ.......##≈≈,,,,,,
#≈≈≈#........§§§........#≈,,,,,,,
#≈≈##.......§§§§§.......#*,,,,,,,
#≈≈##......§§§§§§§......#**,,,,,,
≈≈###.....§§§§§§§§§.....#,*,,,,,,
≈≈#≈##...§§§8§§§@§§§)..##,,,,,,,⌠
≈≈#≈≈##.§§§§§§§§§§§§§.##,,*,,,,,,
≈≈##≈≈###..%........###,,**,,,,,,
≈≈≈#≈≈≈≈#..#.....####,,,,*,,,,,,,
#≈≈#≈≈≈≈...#######,,,,,,,*≈,,,,,,
#≈≈##≈≈.....,,,,,,,,,,,,**≈≈,,,,,
#≈≈≈##≈......,,,,,,,,,,**≈≈≈≈≈,,,
#≈≈≈≈##......,⌠,,,,,,,,*≈≈≈≈≈≈≈≈≈
##≈≈≈≈###.....,,,,,,#####≈≈≈≈≈≈≈≈


You could see Lom Lobon, a friendly ten-headed hydra and a friendly eight-headed
hydra.

Vanquished Creatures
  Antaeus (Coc:7)
  Asmodeus (Geh:7)
  the royal jelly (Slime:6)
  Ereshkigal (Tar:7)
  the Serpent of Hell (Coc:7)
  Khufu (Tomb:3)
  14 ancient liches
  6 orbs of fire (Zot:5)
  25 greater mummies
  2 Killer Klowns (Zot:5)
  6 shard shrikes
  3 curse toes
  4 pandemonium lords (Pan)
  Geryon (Hell)
  8 golden dragons
  Nikola (Lair:6)
  A profane servitor (Crypt:3)
  Jory (Vaults:5)
  4 bone dragons
  2 electric golems (Zot:5)
  17 Brimstone Fiends
  18 tentacled monstrosities
  12 liches
  14 Ice Fiends
  7 Hell Sentinels
  23 Orb Guardians (Zot:5)
  2 quicksilver dragons (Dis:7)
  A deep elf master archer (Elf:3)
  11 Shadow Fiends
  34 acid blobs
  7 titans (Vaults:5)
  7 Executioners
  A kraken (Shoals:1)
  7 death cobs
  8 ancient champions
  11 sphinxes
  2 thorn hunters (Depths:3)
  22 shadow dragons
  9 fire giants
  21 storm dragons
  7 tengu reavers
  21 azure jellies
  6 revenants
  Roxanne (Shoals:2)
  8 draconian monks
  4 greater nagas
  Wiglaf (Depths:3)
  3 cacodemons (Pan)
  6 draconian knights
  14 balrugs
  20 vault wardens
  3 ghost moths
  3 deep elf sorcerers
  Aizul (Snake:1)
  4 draconian scorchers
  13 iron dragons
  A curse skull (Crypt:1)
  6 draconian shifters
  20 frost giants
  10 ghouls
  2 spriggan defenders (Depths:3)
  56 reapers
  4 draconian annihilators
  An angel (Pan)
  16 ironheart preservers
  2 warmongers (Pan)
  5 very ugly things
  2 vampire knights
  13 salamander firebrands
  3 elemental wellsprings (Coc:7)
  13 war gargoyles
  16 stone giants
  6 draconian callers
  Nessos (Lair:6)
  5 deep elf demonologists (Elf:3)
  7 deep elf annihilators
  3 green draconians
  7 black draconians
  2 corrupters (Pan)
  3 dire elephants (Lair:7)
  2 salamander stormcallers (Vaults:5)
  5 purple draconians
  12 mottled draconians
  7 yellow draconians
  8 bennus
  9 white draconians
  22 blizzard demons
  A chaos champion (Pan)
  3 eidola
  8 red draconians
  10 lorocyprocas
  3 black suns (Pan)
  5 merfolk javelineers
  16 death oozes
  11 ettins
  Snorg (Orc:3)
  5 quicksilver dragon zombies
  12 green deaths
  19 mummy priests
  6 deep elf death magi
  15 fire dragons
  13 jiangshi (Crypt:3)
  27 vault guards
  11 great orbs of eyes
  A minotaur (Lab)
  13 merfolk impalers
  4 deep elf high priests
  A kraken zombie (Coc:4)
  17 yaktaur captains
  The ghost of subsebi the Slicer, a journeyman DsCK of Xom (Lair:1)
  2 quicksilver dragon skeletons
  8 rakshasas
  45 ice dragons
  2 hell beasts
  11 hydras
  5 catoblepae
  6 entropy weavers
  10 naga warriors
  A ghost crab (Tar:3)
  A spriggan air mage (Depths:3)
  A monstrous demonspawn (Pan)
  23 ogre magi
  9 centaur warriors
  17 death yaks
  A merfolk avatar (Shoals:4)
  An anaconda (shapeshifter) (Vaults:5)
  6 death knights
  2 satyrs
  3 merfolk aquamancers
  An alligator snapping turtle (Shoals:2)
  4 anacondas
  The ghost of grizfap the Nimble, a novice DrBe of Trog (Lair:1)
  9 deep troll earth magi
  19 dancing weapons
  25 hell hogs
  9 thrashing horrors (Abyss:3)
  4 titan zombies
  A queen ant (Lair:4)
  3 vampire magi
  8 spriggan berserkers
  8 deep troll shamans
  20 sun demons
  12 naga sharpshooters
  An iron golem (Dis:7)
  14 shadow wraiths
  6 storm dragon zombies
  3 titan skeletons
  11 deep elf knights
  2 shock serpents (Snake:2)
  5 fire crabs
  13 soul eaters
  57 death scarabs
  36 ice devils
  An unseen horror (D:13)
  12 sea snakes
  4 iron trolls
  93 skeletal warriors
  4 storm dragon skeletons
  4 salamander mystics
  44 hell knights
  15 shadow demons
  22 flayed ghosts
  A ghost moth zombie (Coc:2)
  7 giant orange brains
  4 golden dragon zombies
  4 naga ritualists
  A torturous demonspawn (Pan)
  11 anaconda zombies
  6 deep elf summoners
  14 orc knights
  2 death drakes
  17 phantasmal warriors
  23 deep trolls
  2 gelid demonspawn (Pan)
  12 hill giants
  2 tengu zombies
  The ghost of Mandevil the Basher, a novice OgAM (Ossuary)
  2 infernal demonspawn (Pan)
  7 shadow dragon zombies
  8 ironbrand convokers
  32 anubis guards
  4 wizards
  4 putrid demonspawn (Pan)
  5 anaconda skeletons
  9 golden dragon skeletons
  A mana viper (shapeshifter) (Vaults:5)
  7 shining eyes
  A spectral ice dragon (Crypt:3)
  A harpy (shapeshifter) (D:13)
  2 wolf spider zombies
  13 cyclopes
  7 fauns
  2 hornets
  12 deep elf conjurers
  8 frost giant zombies
  66 ugly things
  8 harpies
  16 necromancers
  6 mana vipers
  7 fire giant zombies
  4 naga magi
  21 griffons
  8 manticores
  3 shadow dragon skeletons
  10 wolf spiders
  An orc sorcerer (Vaults:4)
  10 water nymphs
  6 oklob plants (Lair:8)
  15 salamanders
  10 sixfirhies
  A worldbinder (Abyss:3)
  6 stone giant zombies
  20 moths of wrath
  A water nymph (shapeshifter) (Vaults:3)
  18 elephants
  5 shock serpent zombies
  8 sirens
  A cyclops (shapeshifter) (Vaults:3)
  4 iron dragon skeletons
  3 centaur zombies
  2 stone giant skeletons
  9 frost giant skeletons
  25 spiny frogs
  8 dire elephant zombies
  9 vault sentinels
  5 fire giant skeletons
  4 ice statues
  3 eyes of devastation
  5 guardian serpents (Snake:4)
  A torpor snail (shapeshifter) (Vaults:1)
  13 orange demons
  21 smoke demons
  A torpor snail (Lair:8)
  42 rust devils
  2 shock serpent skeletons
  A komodo dragon (shapeshifter) (Vaults:4)
  43 black mambas
  A black mamba (shapeshifter) (Depths:2)
  2 gargoyles
  3 dire elephant skeletons
  A storm dragon simulacrum (Vaults:3)
  7 large abominations
  3 yaktaur zombies
  An alligator snapping turtle skeleton (Crypt:1)
  12 molten gargoyles
  8 komodo dragons
  A kobold demonologist (D:14)
  28 hellions
  63 yaktaurs
  3 catoblepas zombies
  29 guardian mummies
  32 merfolk
  A golden dragon simulacrum (Coc:7)
  42 freezing wraiths
  3 ancient zymes (Abyss:3)
  38 tormentors
  11 hellwings
  A demonic crawler (Hell)
  7 tengu conjurers
  4 trolls
  4 efreet
  11 deep elf priests
  3 jumping spiders
  A spriggan skeleton (D:15)
  3 fire drakes
  29 red devils
  25 blue devils
  2 entropy weaver zombies
  16 hydra zombies
  2 harpy zombies
  A white draconian skeleton (Dis:2)
  A two-headed ogre (shapeshifter) (Depths:2)
  An iron troll skeleton (Crypt:2)
  2 polar bears (Lair:8)
  A slime creature (shapeshifter) (Depths:3)
  2 silent spectres
  Grinder (D:3)
  11 raiju (Abyss:3)
  Prince Ribbit (D:7)
  A wind drake (shapeshifter) (Depths:1)
  9 ushabtiu
  7 boulder beetles
  2 wind drakes (Shoals:4)
  5 hydra skeletons
  2 harpy skeletons
  32 blink frogs
  A deep troll zombie (Hell)
  7 fire dragon zombies
  5 ice dragon zombies
  4 alligator zombies
  147 slime creatures
  47 two-headed ogres
  7 bog bodies (Coc:7)
  3 stone giant simulacra
  2 trapdoor spiders
  A trapdoor spider zombie (Crypt:1)
  183 flying skulls
  25 shadows
  8 snapping turtles
  4 ettin zombies
  3 tarantellas
  3 spriggan zombies
  8 redbacks
  2 air elementals (Depths:3)
  18 vampires
  Sigmund (D:3)
  5 alligator skeletons
  A black mamba zombie (Geh:2)
  A deep troll skeleton (Depths:1)
  6 ettin skeletons
  7 fire dragon skeletons
  A tarantella (shapeshifter) (Vaults:1)
  59 yaks
  4 wyverns
  6 ice dragon skeletons
  19 water elementals
  7 ynoxinuls
  A redback (shapeshifter) (Vaults:4)
  2 trapdoor spiders (shapeshifter)
  6 fire bats
  4 spriggans
  A basilisk (Lair:7)
  A black mamba skeleton (Coc:6)
  14 golden eyes
  2 golden eyes (shapeshifter)
  35 wraiths
  2 human simulacra
  2 chaos spawn
  10 neqoxecs
  2 steam dragons
  19 deep elf magi
  8 hungry ghosts
  29 deep elf fighters
  28 fire elementals
  45 hell hounds
  7 hippogriffs
  10 small abominations
  Menkaure (D:4)
  29 water moccasins
  35 nagas
  8 wargs
  A wyvern (shapeshifter) (Vaults:2)
  2 hydra simulacra (Hell)
  2 mottled dragons
  15 soldier ants (Lair:4)
  14 vampire mosquitoes
  5 spiny frog zombies
  13 porcupines
  Duvessa (D:4)
  7 phantoms
  An eye of draining (shapeshifter) (Vaults:4)
  25 necrophages
  7 snapping turtle zombies
  11 ice beasts
  An ice dragon simulacrum (Depths:1)
  A manticore zombie (Dis:5)
  A black bear (shapeshifter) (Depths:3)
  A spider (Orc:3)
  A black bear (Lair:4)
  27 orc warriors
  2 swamp dragon zombies
  4 spiny frog skeletons
  10 eyes of draining
  4 sky beasts
  2 snapping turtle skeletons
  A crocodile (shapeshifter) (Vaults:2)
  77 ogres
  5 wasps
  23 centaurs
  A blink frog skeleton (Crypt:2)
  6 boggarts
  20 crocodiles
  A tengu (shapeshifter) (Vaults:5)
  7 big kobolds
  4 brain worms
  3 elf zombies
  28 giant frogs
  A spiny frog simulacrum (Hell)
  A spider zombie (Crypt:2)
  An elf skeleton (D:9)
  9 scorpions
  Dowan (D:4)
  An orc simulacrum (Vaults:1)
  A troll zombie (Geh:5)
  3 electric eels (D:15)
  47 wights
  30 killer bees
  A yak skeleton (Crypt:1)
  25 crimson imps
  6 giant frog zombies
  A lava snake (Lair:3)
  34 jellies
  23 orc priests
  A quasit (D:10)
  2 human zombies
  A two-headed ogre zombie (Crypt:2)
  13 centaur skeletons
  A giant frog skeleton (D:5)
  A wolf skeleton (Crypt:1)
  6 hounds
  9 human skeletons
  16 iron imps
  33 orc wizards
  Natasha (thrice) (D:3)
  7 iguanas
  43 worker ants
  52 sheep
  A brain worm zombie (Crypt:1)
  An ogre zombie (Geh:7)
  An ogre skeleton (Crypt:2)
  A hound skeleton (D:8)
  2 hound zombies (D:6)
  76 mummies
  8 gnolls
  A worker ant zombie (D:11)
  Robin (D:3)
  65 river rats
  14 adders
  13 shadow imps
  14 white imps
  An ooze (D:3)
  2 adder skeletons
  2 adder zombies
  6 giant geckos
  167 orcs
  6 giant cockroaches
  16 goblins
  14 hobgoblins
  6 jackals
  2 quokkas
  6 ball pythons
  3 bats
  A giant cockroach zombie (Crypt:1)
  6 giant newts
  3 gnoll skeletons (Ossuary)
  2 goblin skeletons (Ossuary)
  A jackal skeleton (D:9)
  34 kobolds
  A kobold skeleton (Ossuary)
  A kobold zombie (Coc:5)
  2 orc skeletons (Ossuary)
  An orc zombie (D:9)
  A quokka skeleton (D:8)
  6 rats
  11 rat skeletons (Ossuary)
  A bush (Lair:8)
  A crawling corpse (Vaults:4)
  2 fire vortices
  A fungus (Lair:5)
  5 lost souls
  3 pillars of salt
  A plant (Shoals:4)
  5 tentacles (Shoals:1)
  A tentacle segment (Shoals:1)
4812 creatures vanquished.

Vanquished Creatures (collateral kills)
  Dispater (Dis:7)
  2 orbs of fire (Zot:5)
  Mara (Depths:1)
  Mennas (Depths:5)
  The ghost of Clownie the Honourless, a legendary FoFi of the Shining One (Pan)
  Sojobo (Depths:4)
  A greater mummy (Tomb:3)
  Vashnia (Snake:2)
  A Killer Klown (Zot:5)
  4 caustic shrikes (Depths:4)
  the Enchantress (Depths:3)
  A Brimstone Fiend (Geh:7)
  A tentacled monstrosity (Depths:5)
  The ghost of xash the Sharpshooter, an adept KoHu of Cheibriados (Vaults:2)
  Asterion (Vaults:2)
  An Ice Fiend (Pan)
  3 deep elf blademasters
  A deep elf master archer (Elf:3)
  2 Orb Guardians (Zot:5)
  A sphinx (Depths:5)
  2 acid blobs (Slime:6)
  Polyphemus (Shoals:2)
  2 ancient champions (Vaults:2)
  Agnes (Snake:1)
  A storm dragon (Zot:3)
  A greater naga (Snake:4)
  3 tengu reavers
  Ilsuiw (Shoals:4)
  3 frost giants
  An iron dragon (Depths:5)
  3 fire giants
  2 deep elf sorcerers (Elf:3)
  Louise (Snake:3)
  2 vault wardens
  A draconian zealot (Depths:5)
  A draconian shifter (Depths:5)
  4 ghouls (Vaults:2)
  The ghost of Arkorax the Grappler, a journeyman MiMo of Zin (Slime:6)
  6 very ugly things
  6 ironheart preservers
  A spriggan defender (Depths:2)
  8 stone giants
  2 deep elf demonologists (Elf:3)
  A draconian caller (Depths:5)
  3 deep elf annihilators (Elf:3)
  A black draconian (Depths:5)
  A salamander firebrand (Geh:1)
  2 yellow draconians (Depths:5)
  The ghost of Flowey the Unseen, a journeyman FeEn of Jiyva (Snake:3)
  An eidolon (Vaults:2)
  3 deep elf death magi
  A fire dragon (Depths:2)
  A death ooze (Slime:6)
  An ettin (Depths:1)
  3 merfolk impalers
  A yaktaur captain (Vaults:4)
  3 vault guards
  4 great orbs of eyes
  A rakshasa (Depths:1)
  3 anacondas (Snake:4)
  6 naga warriors
  A spriggan air mage (Depths:3)
  4 centaur warriors
  2 merfolk avatars
  2 entropy weavers
  3 alligator snapping turtles
  4 ogre magi (Vaults:2)
  2 death knights (Vaults:2)
  3 death yaks (Shoals:2)
  2 hell hogs (Depths:1)
  A tengu warrior (Depths:1)
  2 deep troll shamans
  4 spriggan berserkers
  2 shock serpents
  4 naga sharpshooters
  4 hell knights (Depths:4)
  2 deep elf knights
  2 large abominations
  6 deep trolls
  An iron troll (Depths:1)
  A flayed ghost (Depths:4)
  A wizard (Elf:1)
  A ball lightning (Pan)
  A hill giant (D:14)
  8 sea snakes
  3 orc knights
  2 harpies (Shoals:2)
  4 anubis guards
  4 ironbrand convokers
  2 mana vipers (Snake:4)
  3 naga ritualists
  12 ugly things
  3 salamanders (Geh:1)
  4 manticores
  5 fauns
  3 wolf spiders
  A water nymph (Shoals:1)
  A hornet (shapeshifter) (Depths:1)
  A hornet (Vaults:2)
  An orc sorcerer (Vaults:3)
  2 cyclopes (Shoals:2)
  A salamander (shapeshifter) (Vaults:2)
  12 black mambas
  A sixfirhy (Pan)
  2 griffons (Vaults:3)
  4 naga magi (Snake:4)
  2 sirens (Shoals:4)
  4 vault sentinels
  An emperor scorpion zombie (Geh:1)
  4 guardian serpents (Snake:4)
  A hellwing (Pan)
  5 yaktaurs
  A deep elf priest (Vaults:2)
  5 merfolk
  A two-headed ogre (shapeshifter) (Depths:1)
  5 slime creatures (Vaults:2)
  5 two-headed ogres
  An ushabti (Tomb:2)
  2 redbacks (Depths:5)
  A deep elf mage (Elf:1)
  3 snapping turtles
  A spriggan (Depths:4)
  A water elemental (Shoals:1)
  An air elemental (Depths:3)
  2 deep elf fighters (Elf:1)
  9 nagas
  2 vampire mosquitoes (Vaults:2)
  A hippogriff (Shoals:1)
  2 wargs
  9 hell hounds
  2 orc warriors (Vaults:3)
  19 ogres
  2 wasps
  3 centaurs (D:14)
  2 boggarts
  A brain worm (shapeshifter) (Depths:2)
  A wight (Vaults:2)
  An orc priest (Vaults:2)
  An orc wizard (Vaults:2)
  A mummy (Tomb:2)
  5 orcs (Vaults:3)
  A crawling corpse (Elf:3)
360 creatures vanquished.

Vanquished Creatures (others)
  5 eldritch tentacles
  A tengu reaver (Vaults:2)
  A war gargoyle (Dis:7)
  A deep elf high priest (Elf:3)
  Josephine (Lair:6)
  A vault guard (Vaults:5)
  A rakshasa (Pan)
  An ogre mage (Depths:3)
  A death knight (Crypt:3)
  2 hell hogs
  A sea snake (Lair:6)
  A shadow wraith (Tar:7)
  26 ball lightnings (Pan)
  A giant orange brain (Pan)
  An orc knight (Vaults:1)
  An anubis guard (Tomb:3)
  A fire giant zombie (Geh:2)
  A moth of wrath (Zot:5)
  A griffon (Shoals:1)
  An ugly thing (Depths:3)
  A smoke demon (Pan)
  A hellion (Hell)
  A hellwing (Pan)
  A hydra skeleton (Tomb:2)
  An ice dragon zombie (Geh:2)
  2 flying skulls
  A fire elemental (Geh:2)
  A crimson imp (Geh:2)
  A tengu zombie (Geh:7)
  355 eldritch tentacle segments
  34 fungi
  9 lost souls
  A pillar of salt (Tomb:3)
  51 plants
  2 starspawn tentacles (Abyss:3)
  23 tentacles
  353 tentacle segments
888 creatures vanquished.

Grand Total: 6060 creatures vanquished

Notes
Turn   | Place    | Note
--------------------------------------------------------------
     0 | D:1      | demifrog the Gargoyle Earth Elementalist began the quest for the Orb.
     0 | D:1      | Reached XP level 1. HP: 10/10 MP: 3/3
    29 | D:1      | You fall through a shaft!
    82 | D:2      | Found a sparkling altar of Nemelex Xobeh.
   162 | D:2      | Found a stormy altar of Qazlal.
   241 | D:2      | Reached XP level 2. HP: 15/15 MP: 0/5
   422 | D:2      | Reached skill level 4 in Earth Magic
   492 | D:3      | Noticed an orc priest
   498 | D:2      | Reached XP level 3. HP: 19/19 MP: 1/7
   841 | D:1      | Learned a level 3 spell: Stone Arrow
  1399 | D:2      | Reached skill level 1 in Conjurations
  1432 | D:3      | Reached XP level 4. HP: 15/24 MP: 5/8
  1906 | D:3      | Noticed Robin
  1934 | D:3      | Killed Robin
  1934 | D:3      | Reached skill level 5 in Earth Magic
  2010 | D:3      | Killed an orc priest
  2010 | D:3      | Reached XP level 5. HP: 28/28 MP: 3/9
  2129 | D:3      | Noticed Grinder
  2310 | D:3      | Found a faded altar to an unknown god.
  2336 | D:3      | Noticed Sigmund
  2376 | D:3      | Learned a level 5 spell: Lee's Rapid Deconstruction
  2657 | D:3      | Killed Sigmund
  2657 | D:3      | Reached skill level 7 in Earth Magic
  2657 | D:3      | Reached XP level 6. HP: 22/32 MP: 5/10
  2729 | D:3      | Paralysed by Grinder for 3 turns
  2744 | D:3      | Killed Grinder
  2744 | D:3      | Reached XP level 7. HP: 36/36 MP: 0/11
  2832 | D:3      | Noticed Natasha
  2835 | D:3      | Killed Natasha
  3030 | D:3      | Noticed Natasha
  3031 | D:3      | Killed Natasha
  3038 | D:3      | Reached skill level 8 in Earth Magic
  3143 | D:3      | Noticed Natasha
  3157 | D:3      | Killed Natasha
  3226 | D:3      | Found a snail-covered altar of Cheibriados.
  3260 | D:4      | Noticed Dowan
  3263 | D:4      | Killed Dowan
  3264 | D:4      | Noticed Duvessa
  3761 | D:4      | Reached skill level 9 in Earth Magic
  3761 | D:4      | Reached XP level 8. HP: 41/41 MP: 1/12
  3876 | D:4      | Noticed Menkaure
  3879 | D:4      | Killed Menkaure
  3879 | D:4      | Reached skill level 5 in Conjurations
  3982 | D:4      | Killed Duvessa
  4077 | D:4      | Reached skill level 10 in Earth Magic
  4180 | D:5      | Entered Level 5 of the Dungeon
  4655 | D:5      | Gained mutation: You are frail (-10% HP). [mutagenic meat]
  4656 | D:5      | Gained mutation: Your muscles are strong. (Str +2) [mutagenic meat]
  4657 | D:5      | Gained mutation: You are partially covered in yellow scales (AC +2). [mutagenic meat]
  4658 | D:5      | Gained mutation: Your spells are a little easier to cast, but a little less powerful. [mutagenic meat]
  4746 | D:5      | Reached skill level 1 in Armour
  4746 | D:5      | Reached XP level 9. HP: 40/40 MP: 9/15
  4957 | D:5      | Learned a level 2 spell: Stoneskin
  5384 | D:6      | Found a staircase to the Ecumenical Temple.
  5389 | Temple   | Entered the Ecumenical Temple
  5448 | Temple   | Became a worshipper of the Shining One
  5493 | D:6      | Found a sand-covered staircase.
  5497 | Ossuary  | Entered an ossuary
  5727 | Ossuary  | Reached * piety under the Shining One
  5755 | Ossuary  | Noticed Mandevil's ghost (novice OgAM)
  5760 | Ossuary  | Reached ** piety under the Shining One
  5778 | Ossuary  | Reached skill level 1 in Fighting
  5790 | Ossuary  | Killed Mandevil's ghost
  5790 | Ossuary  | Reached skill level 11 in Earth Magic
  6277 | D:6      | Reached skill level 5 in Spellcasting
  6574 | D:6      | Reached *** piety under the Shining One
  6966 | D:6      | Reached XP level 10. HP: 47/50 MP: 11/18
  7506 | D:7      | Noticed Prince Ribbit
  7582 | D:7      | Killed Prince Ribbit
  7687 | D:7      | Reached skill level 5 in Armour
  7694 | D:7      | Got a pair of fine boots
  7718 | D:7      | Identified the +0 pair of boots of Hyuzong {Regen+ Stlth+} (You found it on level 7 of the Dungeon)
  8634 | D:8      | Reached skill level 12 in Earth Magic
  8702 | D:8      | Found a radiant altar of Vehumet.
  8823 | D:8      | Found Losuir's Armour Shoppe.
  8831 | D:8      | Bought a +1 scale mail of fire resistance for 208 gold pieces
  9357 | D:8      | Reached **** piety under the Shining One
  9480 | D:8      | Found Worph's Antique Weapon Boutique.
  9725 | D:9      | Reached skill level 5 in Fighting
 10001 | D:9      | Found an ancient bone altar of Kikubaaqudgha.
 10088 | D:9      | Reached XP level 11. HP: 57/57 MP: 18/20
 10239 | D:9      | Reached ***** piety under the Shining One
 10431 | D:9      | Found a white marble altar of Elyvilon.
 10499 | D:9      | Found a blossoming altar of Fedhas.
 10501 | D:9      | Found a shimmering altar of Xom.
 10610 | D:10     | Entered Level 10 of the Dungeon
 10672 | D:10     | Noticed a hill giant
 10683 | D:10     | Killed a hill giant
 10726 | D:10     | Noticed a hill giant
 10754 | D:10     | Killed a hill giant
 10887 | D:10     | Noticed a hill giant
 10896 | D:10     | Killed a hill giant
 11119 | D:10     | Found a portal to a secret trove of treasure.
 11656 | D:11     | Found an iron altar of Okawaru.
 11821 | D:11     | Reached skill level 13 in Earth Magic
 11888 | D:11     | Found a staircase to the Lair.
 12314 | D:11     | Reached XP level 12. HP: 64/64 MP: 11/23
 12584 | D:11     | Gained mutation: Your magical capacity is low (-10% MP). [mutagenic meat]
 12585 | D:11     | Lost mutation: Your magical capacity is low (-10% MP). [mutagenic meat]
 12586 | D:11     | Gained mutation: You are somewhat resistant to further mutation. [mutagenic meat]
 12694 | D:11     | Found Fuafiad's Magic Scroll Shop.
 12762 | D:11     | Noticed a catoblepas
 12790 | D:11     | Killed a catoblepas
 12835 | Lair:1   | Entered Level 1 of the Lair of Beasts
 12868 | Lair:1   | Noticed subsebi's ghost (journeyman DsCK)
 12874 | Lair:1   | Killed subsebi's ghost
 12956 | Lair:1   | Noticed grizfap's ghost (novice DrBe)
 13034 | Lair:1   | Found a labyrinth entrance.
 13060 | Lab      | Entered a labyrinth
 13665 | Lab      | Noticed a minotaur
 13686 | Lab      | Gained mutation: Your body sometimes deteriorates upon taking damage. [potion of mutation]
 13796 | Lab      | Killed a minotaur
 13874 | Lab      | Identified the Catalogue of Destiny (You found it in a labyrinth)
 13940 | Lair:1   | Lost mutation: Your spells are a little easier to cast, but a little less powerful. [potion of cure mutation]
 13940 | Lair:1   | Lost mutation: Your body sometimes deteriorates upon taking damage. [potion of cure mutation]
 13940 | Lair:1   | Lost mutation: You are frail (-10% HP). [potion of cure mutation]
 14296 | Lair:1   | Noticed a seven-headed hydra
 14304 | Lair:1   | Killed a seven-headed hydra
 14304 | Lair:1   | Reached skill level 10 in Conjurations
 14610 | Lair:1   | Identified a +4 rod of clouds (10/10) (You found it in a labyrinth)
 14650 | Lair:1   | Killed grizfap's ghost
 15731 | Lair:2   | Reached skill level 14 in Earth Magic
 15941 | Lair:2   | Noticed an eight-headed hydra
 15946 | Lair:2   | Killed an eight-headed hydra
 15946 | Lair:2   | Reached XP level 13. HP: 80/80 MP: 6/25
 17380 | Lair:3   | Found a staircase to the Snake Pit.
 17523 | Lair:3   | Reached skill level 10 in Fighting
 18024 | Lair:3   | Reached skill level 10 in Armour
 18468 | Lair:1   | Identified a scroll of acquirement
 18490 | Lair:1   | Learned a level 5 spell: Fireball
 18710 | Lair:4   | Reached skill level 1 in Fire Magic
 18924 | Lair:4   | Reached skill level 10 in Spellcasting
 19000 | Lair:4   | Gained mutation: Your large and strong wings let you fly indefinitely. [Gargoyle growth]
 19000 | Lair:4   | Reached XP level 14. HP: 88/88 MP: 11/28
 19371 | Lair:4   | Reached skill level 5 in Fire Magic
 20590 | Lair:6   | Noticed Nessos
 20892 | Lair:6   | Killed Nessos
 21746 | Lair:6   | Noticed Josephine
 21801 | Lair:6   | Killed Josephine
 21806 | Lair:6   | Reached ****** piety under the Shining One
 22031 | Lair:6   | Found a staircase to the Shoals.
 22633 | Lair:7   | Reached skill level 10 in Fire Magic
 23528 | Lair:7   | Reached XP level 15. HP: 92/92 MP: 29/29
 24259 | Lair:7   | Got a shimmering glass ring
 24267 | Lair:7   | Identified the ring of Wishful Thinking {+Fly rElec rF+ rN+ Int-3} (You found it on level 7 of the Lair of Beasts)
 24405 | Lair:8   | Entered Level 8 of the Lair of Beasts
 24945 | Lair:8   | Found a staircase to the Slime Pits.
 24945 | Lair:8   | Found a viscous altar of Jiyva.
 26969 | Lair:8   | Found a gateway to Hell.
 27154 | Lair:8   | Found a burning altar of Makhleb.
 27176 | Lair:8   | Reached skill level 15 in Fire Magic
 27306 | Lair:7   | Reached skill level 15 in Earth Magic
 27358 | Lair:6   | Reached XP level 16. HP: 57/97 MP: 2/30
 27557 | Lair:1   | Learned a level 5 spell: Aura of Abjuration
 27675 | D:12     | Found a shattered altar of Ashenzari.
 27735 | D:12     | Reached skill level 1 in Summonings
 27910 | D:12     | Found a staircase to the Orcish Mines.
 29270 | Orc:1    | Entered Level 1 of the Orcish Mines
 29771 | Orc:2    | Found Fodic's Magic Scroll Emporium.
 29890 | Orc:2    | Found Bucaad's Antique Armour Shop.
 30219 | Orc:2    | Found a roughly hewn altar of Beogh.
 30819 | Orc:3    | Noticed Snorg
 30829 | Orc:3    | Killed Snorg
 31034 | Orc:4    | Entered Level 4 of the Orcish Mines
 31047 | Orc:4    | Found Becwaer's Antique Weapon Shoppe.
 31047 | Orc:4    | Found Heato's Book Boutique.
 31056 | Orc:4    | Reached skill level 5 in Summonings
 31753 | Orc:4    | Found Quashrou's Magic Scroll Boutique.
 31753 | Orc:4    | Found Feciryru's Book Emporium.
 32021 | Orc:4    | Found a staircase to the Elven Halls.
 32664 | Lair:1   | Learned a level 5 spell: Shadow Creatures
 32756 | Shoals:1 | Entered Level 1 of the Shoals
 32763 | Shoals:1 | Noticed Nikola
 32770 | Shoals:1 | Noticed a kraken
 33248 | Lair:6   | Killed Nikola
 33519 | Shoals:1 | Killed a kraken
 33706 | Shoals:1 | Learned a level 2 spell: Repel Missiles
 34127 | Shoals:1 | Got a distressingly furry leather armour
 34130 | Shoals:1 | Identified the cursed +0 leather armour of Mumblety Peg {rElec rN+ MP-9 Stlth+} (You found it on level 1 of the Shoals)
 34448 | Shoals:2 | Noticed Polyphemus
 34806 | Shoals:2 | Reached skill level 10 in Summonings
 35200 | Shoals:2 | Reached XP level 17. HP: 102/102 MP: 1/31
 35592 | Shoals:2 | Noticed Roxanne
 35668 | Shoals:2 | Killed Roxanne
 36209 | D:8      | Bought the +9 Staff of Wucad Mu {channel} for 3100 gold pieces
 36470 | Orc:4    | Bought a book of Power for 675 gold pieces
 36475 | Orc:4    | Bought a book of Fire for 975 gold pieces
 36529 | Orc:2    | Bought an embroidered cloak for 121 gold pieces
 36539 | Orc:2    | Bought a translucent leather armour for 189 gold pieces
 36539 | Orc:2    | Identified the cursed +1 leather armour "Plog" {rElec rPois Int+3 Dex+4} (You bought it in a shop on level 2 of the Orcish Mines)
 36540 | Orc:2    | Bought a runed ring mail for 108 gold pieces
 36557 | Orc:2    | Learned a level 6 spell: Bolt of Fire
 37248 | Shoals:2 | Killed Polyphemus
 37248 | Shoals:2 | Reached skill level 1 in Shields
 37605 | Shoals:3 | Reached skill level 1 in Invocations
 37646 | Shoals:3 | Reached skill level 1 in Evocations
 37821 | Shoals:3 | Found Nill's Assorted Antiques.
 37829 | Shoals:3 | Bought a fine robe for 165 gold pieces
 37829 | Shoals:3 | Identified the +1 robe of Immorality {rElec} (You bought it in a shop on level 3 of the Shoals)
 38681 | Shoals:4 | Entered Level 4 of the Shoals
 39688 | Shoals:4 | Identified the Volume of Harmful Air (You found it on level 4 of the Shoals)
 40041 | Shoals:4 | Reached skill level 5 in Shields
 40108 | Shoals:4 | Noticed Ilsuiw
 40415 | Shoals:4 | Got a brightly glowing arbalest
 41543 | Shoals:4 | Reached XP level 18. HP: 106/108 MP: 9/33
 41645 | Lair:6   | Identified the +0 arbalest of Wodentae {velocity, rF+ rN++ MR- MP+9} (You took it off a siren on level 4 of the Shoals)
 42104 | Shoals:4 | Reached skill level 5 in Dodging
 42108 | Shoals:4 | Got a barnacled rune of Zot
 42220 | Shoals:4 | Killed Ilsuiw
 42680 | Lair:1   | Learned a level 6 spell: Iron Shot
 42942 | D:13     | Found a basalt altar of Yredelemnul.
 43208 | D:13     | Got a slimy chain mail
 43219 | D:13     | Identified the cursed +1 chain mail of Grace {-Cast rN+ Str+4} (You found it on level 13 of the Dungeon)
 44467 | D:14     | Reached skill level 5 in Invocations
 44991 | D:14     | Found a gate to the Vaults.
 45388 | Vaults:1 | Entered Level 1 of the Vaults
 45775 | Vaults:1 | Reached skill level 5 in Evocations
 47148 | Vaults:1 | Reached XP level 19. HP: 112/112 MP: 33/36
 47249 | Vaults:1 | Gained mutation: You are frail (-10% HP). [mutagenic meat]
 47357 | Vaults:2 | Noticed Asterion
 47370 | Vaults:2 | Killed Asterion
 48003 | Vaults:2 | Found a staircase to the Crypt.
 48094 | Vaults:2 | Found Muvun's Armour Emporium.
 48185 | Vaults:2 | Noticed xash's ghost (adept KoHu)
 48225 | Vaults:2 | Killed xash's ghost
 49601 | Crypt:1  | Entered Level 1 of the Crypt
 50804 | Crypt:1  | Reached skill level 10 in Evocations
 51466 | Crypt:2  | Noticed a Brimstone Fiend
 51589 | Vaults:3 | Reached XP level 20. HP: 53/105 MP: 4/38
 51625 | Vaults:3 | Got a smoking leather armour
 51736 | Vaults:2 | Identified the +1 leather armour "Lekkotok" {rC+} (You took it off a deep elf knight on level 3 of the Vaults)
 52317 | Crypt:2  | Reached skill level 15 in Spellcasting
 53007 | Crypt:2  | Got an ancient flail
 53310 | Vaults:2 | Identified the cursed +1 flail of the Nexus {flame, rElec rF+ Stlth+} (You found it on level 2 of the Crypt)
 53673 | Vaults:2 | Gained mutation: You occasionally shout uncontrollably at your foes. [mutagenic meat]
 53999 | Crypt:3  | Entered Level 3 of the Crypt
 54528 | Crypt:3  | Found an ancient bone altar of Kikubaaqudgha.
 54639 | Crypt:3  | Reached skill level 10 in Shields
 54905 | Crypt:3  | Reached XP level 21. HP: 109/109 MP: 40/40
 55116 | Crypt:3  | Noticed a bone dragon
 55129 | Crypt:3  | Killed a bone dragon
 55161 | Crypt:3  | Noticed a profane servitor
 55209 | Crypt:3  | Killed a profane servitor
 55671 | Vaults:2 | Gained mutation: You are resistant to hostile enchantments. [mutagenic meat]
 56479 | Crypt:3  | Noticed an ancient lich
 56584 | Crypt:3  | Killed an ancient lich
 56663 | Crypt:3  | Found a staircase to the Tomb.
 57140 | Lair:1   | Identified a +5 eveningstar of holy wrath (a +3 eveningstar of draining blessed by the Shining One)
 57140 | Lair:1   | Received a gift from the Shining One
 57158 | Lair:1   | Lost mutation: You are frail (-10% HP). [potion of mutation]
 57255 | Snake:1  | Entered Level 1 of the Snake Pit
 57260 | Snake:1  | Noticed Aizul
 57266 | Snake:1  | Killed Aizul
 57524 | Snake:1  | Reached skill level 1 in Maces & Flails
 57703 | Snake:1  | Reached skill level 16 in Spellcasting
 58465 | Snake:1  | Noticed Agnes
 58475 | Snake:1  | Killed Agnes
 58887 | Snake:2  | Noticed Vashnia
 58968 | Snake:2  | Killed Vashnia
 59121 | Snake:2  | Reached XP level 22. HP: 128/128 MP: 32/42
 59561 | Snake:3  | Noticed Flowey's ghost (journeyman FeEn)
 59603 | Snake:3  | Killed Flowey's ghost
 60395 | Snake:4  | Entered Level 4 of the Snake Pit
 60395 | Snake:4  | Noticed Louise
 60407 | Snake:3  | Killed Louise
 60407 | Snake:3  | Reached skill level 1 in Transmutations
 60681 | Snake:4  | Reached skill level 5 in Maces & Flails
 61080 | Snake:4  | Lost mutation: You occasionally shout uncontrollably at your foes. [mutagenic meat]
 61426 | Snake:4  | Got a serpentine rune of Zot
 61966 | Lair:1   | Gained mutation: You have large cloven feet. [potion of beneficial mutation]
 62310 | Temple   | Fell from the grace of the Shining One
 62310 | Temple   | Became a worshipper of Zin the Law-Giver
 62310 | Temple   | Reached * piety under Zin
 62310 | Temple   | Reached ** piety under Zin
 62310 | Temple   | Reached *** piety under Zin
 62310 | Temple   | Reached **** piety under Zin
 62310 | Temple   | Reached ***** piety under Zin
 62603 | Elf:1    | Entered Level 1 of the Elven Halls
 63982 | Elf:2    | Found a huge runed gate.
 63982 | Elf:2    | Found a huge runed gate.
 63982 | Elf:2    | Found a huge runed gate.
 63982 | Elf:2    | Found a huge runed gate.
 63982 | Elf:2    | Found a huge runed gate.
 64268 | Elf:2    | Reached skill level 5 in Stealth
 64682 | Elf:3    | Entered Level 3 of the Elven Halls
 64794 | Elf:3    | Got a brightly glowing ring mail
 64795 | Elf:3    | Identified the +5 ring mail "Geakh" {Int+2} (You found it on level 3 of the Elven Halls)
 65667 | Elf:3    | Reached ****** piety under Zin
 65668 | Elf:3    | Got a shadowed robe
 65672 | Elf:3    | Reached XP level 23. HP: 132/132 MP: 40/43
 65746 | Elf:3    | Got a twisted flail {vamp}
 65914 | Elf:3    | Got a shimmering blowgun
 66202 | Elf:3    | Got a faintly glowing diamond amulet
 66250 | Elf:3    | Identified the Handbook of Enthralling Envenoming (You found it on level 3 of the Elven Halls)
 66253 | Elf:3    | Got a slimy spear
 66264 | Elf:3    | Got a topaz-studded ring mail
 66279 | Elf:3    | Got an encrusted mace
 66281 | Elf:3    | Got an ancient granite ring
 66660 | Elf:3    | Got a fine blowgun
 69331 | Lair:1   | Identified a +8 rod of clouds (14/14) (You took it off a minotaur in a labyrinth)
 69531 | Lair:1   | Identified the +8 blowgun "Mawegh" {speed, rPois rN+} (You found it on level 3 of the Elven Halls)
 69580 | Lair:1   | Identified the +8 mace "Fafageli" {drain, *Confuse +Inv rC++} (You found it on level 3 of the Elven Halls)
 69588 | Lair:1   | Identified the +5 blowgun of Distraction {evade, +Inv +Fly rN+++ Dex-5} (You found it on level 3 of the Elven Halls)
 69591 | Lair:1   | Identified the +7 flail of Indomitability {vamp, rF+ Dex+4 Stlth+} (You took it off a deep elf demonologist on level 3 of the Elven Halls)
 69593 | Lair:1   | Identified the +1 spear "Uteivver" {vamp, rElec rF- SInv} (You found it on level 3 of the Elven Halls)
 69603 | Lair:1   | Identified the amulet "Eron" {Gourm rC+} (You took it off a deep elf annihilator on level 3 of the Elven Halls)
 69604 | Lair:1   | Identified the ring of Ilarufai {Str+4 Int+3 Dex-4 Stlth-} (You found it on level 3 of the Elven Halls)
 69632 | Lair:1   | Identified the cursed +1 ring mail of Courage {rPois rC+ Dex-4} (You found it on level 3 of the Elven Halls)
 69645 | Lair:1   | Identified the +1 robe of Xiemausk {Slay+5} (You took it off a deep elf high priest on level 3 of the Elven Halls)
 69802 | Orc:2    | Bought a runed fire dragon armour for 1620 gold pieces
 70090 | Hell     | Entered the Vestibule of Hell
 70090 | Hell     | Noticed Geryon
 70098 | Hell     | Killed Geryon
 70639 | Hell     | Found a gateway to the ashen valley of Gehenna.
 70869 | Hell     | Found a gateway to the freezing wastes of Cocytus.
 70983 | Hell     | Found a gateway to the decaying netherworld of Tartarus.
 71070 | Hell     | Found a gateway to the Iron City of Dis.
 73101 | D:15     | Entered Level 15 of the Dungeon
 73451 | D:15     | Found a staircase to the Depths.
 73937 | Depths:1 | Entered Level 1 of the Depths
 73963 | Depths:1 | Identified the Incunabulum of Conjuration
 73969 | Depths:1 | Noticed Mara
 73971 | Depths:1 | Noticed demifrog's illusion
 74014 | Depths:1 | Killed Mara
 74260 | Depths:1 | Reached skill level 15 in Shields
 74469 | Depths:1 | Reached XP level 24. HP: 139/139 MP: 6/43
 75240 | Depths:1 | Got a crude chain mail
 75398 | Hell     | Identified the +10 chain mail of the Echidna {Slay+2} (You found it on level 1 of the Depths)
 75528 | Depths:2 | Found a gateway to a ziggurat.
 75708 | Depths:2 | Reached skill level 10 in Invocations
 76196 | Depths:2 | Reached skill level 15 in Armour
 76621 | Depths:3 | Found a one-way gate leading to the halls of Pandemonium.
 76785 | Depths:3 | Found a one-way gate to the infinite horrors of the Abyss.
 76947 | Depths:3 | Found a radiant altar of Vehumet.
 76952 | Depths:3 | Noticed the Enchantress
 76959 | Depths:3 | Cast into the Abyss (the Enchantress)
 76981 | Abyss:1  | Found a corrupted altar of Lugonu.
 76988 | Abyss:1  | Found an iron altar of Okawaru.
 77036 | Depths:3 | Escaped the Abyss
 77071 | Depths:3 | Killed the Enchantress
 77076 | Depths:3 | Got a faerie dragon armour
 77157 | Depths:3 | Got a steaming leather armour
 77228 | Depths:3 | Got a scorched morningstar
 77357 | Hell     | Identified the +5 morningstar "Kaukh" {pain, rElec Str+3 Int+6} (You found it on level 3 of the Depths)
 77415 | Hell     | Identified the +0 leather armour "Iramiyre" {-Cast rElec rPois Regen+} (You found it on level 3 of the Depths)
 77429 | Hell     | Identified the +1 faerie dragon armour {rF+} (You took it off the Enchantress on level 3 of the Depths)
 78086 | D:10     | You paid a toll of a +3 ice dragon armour to enter a treasure trove
 78087 | Trove    | Entered a treasure trove
 78095 | Trove    | Got a distressingly furry swamp dragon armour
 78097 | Trove    | Got a shimmering ring mail
 78107 | Trove    | Got a glittering iron ring
 78114 | Trove    | Got a polished chain mail
 78119 | Trove    | Got a smoking chain mail
 78446 | D:11     | Bought a scroll of identify for 30 gold pieces
 78446 | D:11     | Bought a scroll of identify for 30 gold pieces
 78446 | D:11     | Bought a scroll of summoning for 142 gold pieces
 78446 | D:11     | Bought a scroll of amnesia for 52 gold pieces
 78446 | D:11     | Bought a scroll of silence for 112 gold pieces
 78446 | D:11     | Bought a scroll of fear for 52 gold pieces
 78446 | D:11     | Bought a scroll of remove curse for 45 gold pieces
 78446 | D:11     | Bought a scroll of remove curse for 45 gold pieces
 78446 | D:11     | Bought a scroll of teleportation for 45 gold pieces
 78446 | D:11     | Bought a scroll of teleportation for 45 gold pieces
 78446 | D:11     | Bought a scroll of remove curse for 45 gold pieces
 78446 | D:11     | Bought a scroll of remove curse for 45 gold pieces
 78446 | D:11     | Bought a scroll of amnesia for 52 gold pieces
 78446 | D:11     | Bought a scroll of magic mapping for 52 gold pieces
 78446 | D:11     | Bought a scroll of immolation for 52 gold pieces
 78558 | Orc:2    | Bought a scroll of identify for 26 gold pieces
 78558 | Orc:2    | Bought a scroll of teleportation for 39 gold pieces
 78558 | Orc:2    | Bought a scroll of teleportation for 39 gold pieces
 78558 | Orc:2    | Bought a scroll of amnesia for 45 gold pieces
 78600 | Orc:4    | Bought a scroll of fear for 59 gold pieces
 78600 | Orc:4    | Bought a scroll of recharging for 161 gold pieces
 78600 | Orc:4    | Bought a scroll of identify for 34 gold pieces
 78600 | Orc:4    | Bought a scroll of fog for 34 gold pieces
 78600 | Orc:4    | Bought a scroll of blinking for 127 gold pieces
 78600 | Orc:4    | Bought a scroll of fog for 34 gold pieces
 78820 | Hell     | Identified the ring "Plog" {+Inv rElec rN+} (You found it in a treasure trove)
 78840 | Hell     | Identified the +2 chain mail "Xovvoicwy" {+Inv rPois Int+7 Dex-5} (You found it in a treasure trove)
 78851 | Hell     | Identified the +2 swamp dragon armour of Royalty {rPois rN+} (You found it in a treasure trove)
 78861 | Hell     | Identified the +1 ring mail "Veumabau" {Dex+3} (You found it in a treasure trove)
 78871 | Hell     | Identified the cursed +1 chain mail of Space {Str+2 Stlth+} (You found it in a treasure trove)
 79044 | Depths:3 | Noticed Wiglaf
 79058 | Depths:3 | Killed Wiglaf
 79551 | Depths:3 | Reached XP level 25. HP: 92/145 MP: 17/43
 79828 | Depths:3 | Got a scorched broad axe {freeze}
 79879 | Hell     | Identified the +3 broad axe of Twilight {freeze, *Contam rElec rN+++ Dex+2} (You took it off a hell knight on level 3 of the Depths)
 80219 | Depths:4 | Reached skill level 15 in Conjurations
 80300 | Depths:4 | Noticed Sojobo
 80632 | Depths:4 | Killed Sojobo
 80901 | Depths:4 | Found a corrupted altar of Lugonu.
 81063 | Depths:4 | Found an ancient bone altar of Kikubaaqudgha.
 81245 | Hell     | Learned a level 4 spell: Alistair's Intoxication
 81253 | Hell     | Learned a level 7 spell: Spellforged Servitor
 81256 | Hell     | Learned a level 2 spell: Blink
 81295 | Depths:5 | Entered Level 5 of the Depths
 81333 | Depths:5 | Noticed Mennas
 81395 | Depths:5 | Killed Mennas
 81395 | Depths:5 | Reached skill level 15 in Evocations
 81675 | Depths:5 | Found a gate to the Realm of Zot.
 81684 | Depths:5 | Got a twisted scimitar
 81717 | Hell     | Identified the +6 scimitar of Laceration {pain, *Noise Str+6 Int+3 Dex+2} (You found it on level 5 of the Depths)
 82818 | Slime:1  | Entered Level 1 of the Pits of Slime
 83426 | Slime:2  | Reached skill level 17 in Earth Magic
 83840 | Slime:3  | Reached XP level 26. HP: 151/151 MP: 39/43
 85409 | Slime:6  | Entered Level 6 of the Pits of Slime
 85513 | Slime:6  | Noticed Arkorax's ghost (journeyman MiMo)
 85582 | Slime:6  | Killed Arkorax's ghost
 85593 | Slime:6  | Noticed the royal jelly
 85878 | Slime:6  | Killed the royal jelly
 86197 | Slime:6  | Got a scorched troll leather armour
 86199 | Slime:6  | Got a slimy rune of Zot
 86423 | Hell     | Identified the cursed +1 troll leather armour of the Five Dances {Regen+ rCorr Str+5} (You found it on level 6 of the Pits of Slime)
 86781 | Slime:6  | Identified Luziho's Almanac of Enchantment and Combat Magic
 86819 | Slime:6  | Got a warped dagger
 87081 | Hell     | Identified a +8 rod of destruction (13/13) (You found it on level 6 of the Pits of Slime)
 87087 | Hell     | Identified the +8 dagger of Joivez {flame, *Drain rF+ MP+9 Str+2} (You found it on level 6 of the Pits of Slime)
 87258 | Slime:6  | Identified the Collected Works on Moulding
 87276 | Slime:6  | Identified the Incunabulum of Talismans and Weightlessness
 88478 | Vaults:4 | Reached skill level 18 in Earth Magic
 88786 | Vaults:4 | Reached XP level 27. HP: 158/158 MP: 15/43
 89151 | Vaults:4 | Got an ichor-stained arbalest
 89221 | Vaults:4 | Identified the +2 arbalest "Leukkaw" {penet, rElec MR+} (You found it on level 4 of the Vaults)
 89487 | Vaults:5 | Entered Level 5 of the Vaults
 89799 | Vaults:5 | Noticed an ancient lich
 89841 | Vaults:5 | Noticed an ancient lich
 89853 | Vaults:4 | Killed an ancient lich
 90007 | Vaults:4 | Killed an ancient lich
 90317 | Vaults:5 | Got an uncursed brightly glowing short sword {antimagic}
 90469 | Vaults:5 | Identified the Tome of Flamy Conjuration
 90502 | Vaults:5 | Got a fine bronze ring
 90591 | Vaults:4 | Identified the ring "Eshrao Toja" {rPois rF- rN+ Str+4 Slay+2} (You took it off a deep elf death mage on level 5 of the Vaults)
 90752 | Vaults:5 | Got a steaming helmet
 90780 | Vaults:5 | Got a silver rune of Zot
 90808 | Vaults:5 | Got a pitted ring mail
 90928 | Vaults:5 | Reached skill level 19 in Earth Magic
 90960 | Vaults:5 | Got a heavily runed pewter ring
 91143 | Vaults:5 | Identified Etegim's Disquisition on Feathers
 91255 | Vaults:4 | Identified the ring of Ytwich {+/*Tele rF- rN+ Str+2 Int+3} (You took it off a yaktaur on level 5 of the Vaults)
 91269 | Vaults:4 | Identified the cursed +0 helmet "Zuckat" {rElec Dex+4} (You found it on level 5 of the Vaults)
 91279 | Vaults:4 | Identified the +0 ring mail of Bun Kemu {rElec Regen+ MP+9 Str+2} (You found it on level 5 of the Vaults)
 91831 | Vaults:5 | Noticed an ancient lich
 91841 | Vaults:5 | Killed an ancient lich
 91889 | Vaults:5 | Noticed Jory
 91915 | Vaults:5 | Killed Jory
 91944 | Vaults:5 | Got a slimy scythe {holy}
 91944 | Vaults:5 | Got an encrusted buckler
 92149 | Vaults:4 | Identified the +2 buckler "Ynair" {+Fly rF- rN+} (You took it off an ironbrand convoker on level 5 of the Vaults)
 94610 | Hell     | Learned a level 9 spell: Shatter
 94952 | Tomb:1   | Entered Level 1 of the Tomb of the Ancients
 95121 | Tomb:1   | Reached skill level 15 in Invocations
 96929 | Tomb:2   | Reached skill level 20 in Earth Magic
 97493 | Tomb:3   | Entered Level 3 of the Tomb of the Ancients
 97710 | Tomb:3   | Noticed an ancient lich
 97712 | Tomb:3   | Killed an ancient lich
 97713 | Tomb:3   | Noticed Khufu
 97739 | Tomb:3   | Killed Khufu
 98197 | Tomb:3   | Got a golden rune of Zot
 98279 | Tomb:3   | Got an ominously black robe
 98316 | Tomb:3   | Got a sheer robe
 98629 | Tomb:3   | Got a transparent shortbow
 98640 | Tomb:3   | Identified the Catalogue of Destructive Air
 98647 | Tomb:3   | Got a fine long sword
 98684 | Tomb:3   | Identified the Collected Works on Helpful Evil
 98716 | Tomb:3   | Got a bronze plate armour
 98720 | Tomb:3   | Got a scorched tin ring
 98722 | Tomb:3   | Got a fine blowgun
 98744 | Tomb:3   | Identified the +9 shortbow "Johusho" {speed, rPois Dex+3} (You found it on level 3 of the Tomb of the Ancients)
 98745 | Tomb:3   | Identified the +4 long sword of Pokarphio {distort, rN+} (You found it on level 3 of the Tomb of the Ancients)
 98793 | Tomb:3   | Identified the ring of Xufiaxt {+Inv MP+9 Str+3 Int+2} (You found it on level 3 of the Tomb of the Ancients)
 99257 | Hell     | Identified the +0 plate armour of the Frog {Str-3 Slay+5} (You found it on level 3 of the Tomb of the Ancients)
100165 | Hell     | Identified the +1 robe of Misanthropy {+Inv} (You found it on level 3 of the Tomb of the Ancients)
100177 | Hell     | Identified the cursed +1 robe of Tinloaj {Dex+4} (You found it on level 3 of the Tomb of the Ancients)
100323 | Depths:3 | Voluntarily entered the Abyss.
100376 | Abyss:3  | Found a corrupted altar of Lugonu.
100382 | Abyss:3  | Found a deep blue altar of Sif Muna.
100677 | Abyss:3  | Found a corrupted altar of Lugonu.
100702 | Abyss:3  | Got an abyssal rune of Zot
101059 | Depths:3 | Escaped the Abyss
101177 | Tar:1    | Entered Level 1 of Tartarus
101998 | Tar:5    | Reached skill level 10 in Stealth
102278 | Tar:6    | Reached skill level 10 in Maces & Flails
102336 | Tar:7    | Entered Level 7 of Tartarus
102395 | Tar:7    | Noticed an ancient lich
102400 | Tar:7    | Killed an ancient lich
102452 | Tar:7    | Noticed Ereshkigal
102901 | Tar:7    | Killed Ereshkigal
103057 | Tar:7    | Got a bone rune of Zot
103248 | Tar:7    | Got a twisted hand axe
103254 | Tar:7    | Got a translucent hunting sling
103625 | Orc:4    | Bought a manual of Invocations for 1656 gold pieces
103625 | Orc:4    | Bought a manual of Summonings for 1656 gold pieces
103870 | Hell     | Learned a level 7 spell: Summon Hydra
103891 | Dis:1    | Entered Level 1 of the Iron City of Dis
104334 | Dis:2    | Reached skill level 15 in Summonings
104944 | Dis:7    | Entered Level 7 of the Iron City of Dis
105248 | Dis:7    | Reached skill level 10 in Dodging
105486 | Dis:7    | Reached skill level 15 in Fighting
105957 | Dis:7    | Identified the Collected Works on the Rocks
106838 | Dis:7    | Got a jewelled great sword
106883 | Dis:7    | Got a crystal great mace
106885 | Dis:7    | Got a twisted dagger
107074 | Dis:7    | Noticed Dispater
107130 | Dis:7    | Killed Dispater
107154 | Dis:7    | Got an iron rune of Zot
107296 | Hell     | Identified the +5 dagger of Yfipluff {pierce, rElec} (You found it on level 7 of the Iron City of Dis)
107356 | Hell     | Learned a level 3 spell: Conjure Flame
107419 | Coc:1    | Entered Level 1 of Cocytus
108175 | Coc:6    | Reached skill level 21 in Earth Magic
108200 | Coc:7    | Entered Level 7 of Cocytus
108913 | Coc:7    | Noticed the Serpent of Hell
108942 | Coc:7    | Killed the Serpent of Hell
109397 | Coc:7    | Reached skill level 22 in Fire Magic
109459 | Coc:7    | Noticed Antaeus
109522 | Coc:7    | Killed Antaeus
109640 | Coc:7    | Got an icy rune of Zot
109830 | Geh:1    | Entered Level 1 of Gehenna
111581 | Geh:4    | Reached skill level 23 in Earth Magic
112496 | Geh:7    | Entered Level 7 of Gehenna
112599 | Geh:7    | Got a jewelled quarterstaff
113399 | Geh:7    | Identified Khufu's Handbook of Darkness
113647 | Geh:7    | Got a bound silver amulet
113653 | Geh:7    | Noticed Asmodeus
113714 | Geh:7    | Killed Asmodeus
113753 | Geh:7    | Got a scorched granite ring
113776 | Geh:7    | Got an obsidian rune of Zot
113785 | Geh:7    | Got a dazzling leather armour
113793 | Geh:7    | Identified Lehudib's Almanac of Combat Magic and Ignition
113803 | Geh:7    | Identified the Handbook of the Aerial Escort
113887 | Hell     | Identified the +6 quarterstaff "Nowiz" {pain, rElec rF- Dex+5} (You found it on level 7 of Gehenna)
113900 | Hell     | Identified the cursed +1 leather armour "Luzisez" {rPois rF+ Dex-2} (You found it on level 7 of Gehenna)
113900 | Hell     | Identified a +3 rod of inaccuracy (13/13) (You found it on level 7 of Gehenna)
113909 | Hell     | Identified the amulet "Wymnas" {Stasis +Fly Str+2 Int+5} (You found it on level 7 of Gehenna)
113911 | Hell     | Identified the ring of Vehumet's Envy {Str+2 Int-4 SInv Stlth+} (You found it on level 7 of Gehenna)
113921 | Hell     | Identified the +4 short sword of Tortfeasance {antimagic, Int+4} (You took it off a yaktaur captain on level 5 of the Vaults)
113927 | Hell     | Identified the +9 great mace of Causality {crush, rElec rPois} (You found it on level 7 of the Iron City of Dis)
113929 | Hell     | Identified the +4 great sword of the Empty Page {freeze, rF+ Int+5 SInv} (You found it on level 7 of the Iron City of Dis)
113930 | Hell     | Identified the +10 scythe of Generosity {holy, rPois rC+} (You took it off a yaktaur captain on level 5 of the Vaults)
113931 | Hell     | Identified the +5 blowgun of Gofun {speed, rN+ MR+} (You found it on level 3 of the Tomb of the Ancients)
113932 | Hell     | Identified the +9 hunting sling "Epemy" {venom, rN+ Dex+3 Stlth+} (You took it off a vampire on level 7 of Tartarus)
113944 | Hell     | Identified the +8 hand axe "Ygawum" {chop, *Rage MR+ Str+5} (You found it on level 7 of Tartarus)
114100 | Zot:1    | Entered Level 1 of the Realm of Zot
114204 | Zot:1    | Reached skill level 24 in Earth Magic
117210 | Hell     | Identified a +3 rod of clouds (10/10) (You found it on level 2 of the Realm of Zot)
118264 | Zot:5    | Entered Level 5 of the Realm of Zot
118410 | Zot:5    | Got a scorched plate armour
118432 | Zot:5    | Reached skill level 25 in Earth Magic
118450 | Zot:5    | Noticed an ancient lich
118454 | Zot:5    | Noticed an ancient lich
118469 | Zot:5    | Killed an ancient lich
118473 | Zot:5    | Killed an ancient lich
118481 | Zot:5    | Noticed an orb of fire
118521 | Zot:5    | Was placed under penance by Zin
118543 | Zot:5    | Killed an orb of fire
118649 | Zot:5    | Noticed an ancient lich
118654 | Zot:5    | Killed an ancient lich
118792 | Zot:5    | Noticed an ancient lich
118799 | Zot:5    | Killed an ancient lich
118915 | Zot:5    | Noticed an orb of fire
119048 | Hell     | Identified the +6 plate armour "Eddiufuz" {rC++} (You acquired it on level 5 of the Realm of Zot)
119762 | Tomb:1   | Donated 3492 gold pieces to Zin
119786 | Tomb:1   | Was forgiven by Zin
120344 | Zot:5    | Noticed an ancient lich
120416 | Zot:5    | Killed an ancient lich
120442 | Zot:5    | Killed an orb of fire
120569 | Zot:5    | Noticed an orb of fire
120577 | Zot:5    | Killed an orb of fire
120759 | Zot:5    | Noticed an orb of fire
120768 | Zot:5    | Killed an orb of fire
120777 | Zot:5    | Noticed an orb of fire
120802 | Zot:5    | Killed an orb of fire
120815 | Zot:5    | Noticed an orb of fire
120827 | Zot:5    | Killed an orb of fire
120864 | Zot:5    | Noticed an orb of fire
120871 | Zot:5    | Killed an orb of fire
120871 | Zot:5    | Reached skill level 26 in Earth Magic
120893 | Zot:5    | Noticed an ancient lich
120898 | Zot:5    | Noticed an orb of fire
120899 | Zot:5    | Killed an ancient lich
120909 | Zot:5    | Killed an orb of fire
120960 | Zot:5    | Noticed an ancient lich
120967 | Zot:5    | Killed an ancient lich
121164 | Zot:5    | Noticed an ancient lich
121175 | Zot:5    | Killed an ancient lich
121411 | Pan      | Entered Pandemonium
121466 | Pan      | Found an exit through the horrors of the Abyss.
121565 | Pan      | Noticed Clownie's ghost (legendary FoFi)
121594 | Pan      | Found an exit through the horrors of the Abyss.
121597 | Pan      | Killed Clownie's ghost
121636 | Pan      | Found a runed door.
121649 | Pan      | Noticed Lewk the pandemonium lord
121693 | Pan      | Killed Lewk the pandemonium lord
121940 | Pan      | Noticed Ytsasach the pandemonium lord
122176 | Pan      | Noticed Vimmaxitz the pandemonium lord
122202 | Pan      | Killed Vimmaxitz the pandemonium lord
122254 | Pan      | Got a steaming spear
122330 | Pan      | Found an exit through the horrors of the Abyss.
122516 | Pan      | Noticed Idecygok the pandemonium lord
122520 | Pan      | Killed Idecygok the pandemonium lord
122542 | Pan      | Got a demonic rune of Zot
122554 | Pan      | Noticed Etoerr the pandemonium lord
122603 | Pan      | Killed Etoerr the pandemonium lord
122771 | Pan      | Entered the realm of Lom Lobon.
122771 | Pan      | Noticed Lom Lobon
122843 | Pan      | Got a thick robe
122846 | Pan      | Identified the +6 spear "Wilou" {venom, +Rage} (You found it in Pandemonium)
122856 | Pan      | Found an exit through the horrors of the Abyss.
123195 | Pan      | Engulfed by Lom Lobon's freezing vapour

Action                   |  1- 3 |  4- 6 |  7- 9 | 10-12 | 13-15 | 16-18 | 19-21 | 22-24 | 25-27 || total
-------------------------+-------+-------+-------+-------+-------+-------+-------+-------+-------++-------
Melee: Dagger            |       |    23 |   169 |    22 |       |       |       |       |       ||   214
       Short sword       |       |     1 |     1 |       |       |       |       |       |       ||     2
       Whip              |       |       |       |   410 |       |       |       |       |       ||   410
       Mace              |       |       |       |   172 |  1141 |   182 |       |       |       ||  1495
       Flail             |       |       |       |       |       |   532 |   355 |       |       ||   887
       Staff             |       |       |       |       |       |    13 |    43 |    24 |    16 ||    96
       Eveningstar       |       |       |       |       |       |       |     8 |    83 |  2183 ||  2274
       Long sword        |       |       |       |       |       |       |       |       |    42 ||    42
 Fire: Shortbow          |       |       |       |    15 |       |       |       |       |       ||    15
 Cast: Sandblast         |    48 |    85 |    64 |   199 |   243 |    32 |     5 |       |       ||   676
       Stone Arrow       |       |     7 |    93 |   181 |   374 |   220 |   240 |    49 |    13 ||  1177
       Lee's Rapid Decon |       |       |     5 |    47 |     6 |    14 |    17 |    10 |   141 ||   240
       Stoneskin         |       |       |     3 |    36 |    61 |    59 |    37 |    64 |   226 ||   486
       Fireball          |       |       |       |       |   145 |   276 |    89 |    80 |   253 ||   843
       Shadow Creatures  |       |       |       |       |       |    79 |    96 |   207 |    69 ||   451
       Repel Missiles    |       |       |       |       |       |     5 |     6 |     9 |     9 ||    29
       Bolt of Fire      |       |       |       |       |       |   167 |   329 |   449 |  1325 ||  2270
       Iron Shot         |       |       |       |       |       |    17 |   118 |   297 |  1044 ||  1476
       Aura of Abjuratio |       |       |       |       |       |       |    14 |    12 |    52 ||    78
       Spellforged Servi |       |       |       |       |       |       |       |       |    43 ||    43
       Alistair's Intoxi |       |       |       |       |       |       |       |       |     1 ||     1
       Blink             |       |       |       |       |       |       |       |       |    17 ||    17
       Shatter           |       |       |       |       |       |       |       |       |   148 ||   148
       Summon Hydra      |       |       |       |       |       |       |       |       |    86 ||    86
Invok: Divine Shield     |       |       |       |     1 |       |       |       |       |       ||     1
       Brand Weapon With |       |       |       |       |       |       |     1 |       |       ||     1
       Vitalisation      |       |       |       |       |       |       |       |    42 |   226 ||   268
       Donate Gold       |       |       |       |       |       |       |       |     1 |     1 ||     2
       Recite            |       |       |       |       |       |       |       |       |     3 ||     3
       Imprison          |       |       |       |       |       |       |       |       |     1 ||     1
       Sanctuary         |       |       |       |       |       |       |       |       |     1 ||     1
 Abil: Fly               |       |       |       |       |     1 |       |       |       |       ||     1
       Evoke Invisibilit |       |       |       |       |       |       |       |       |     4 ||     4
Evoke: Wand              |       |       |       |    10 |     2 |       |       |     5 |    34 ||    51
       Rod               |       |       |       |     1 |       |       |       |       |     3 ||     4
       Staff of Wucad Mu |       |       |       |       |       |   134 |   479 |  1027 |  2453 ||  4093
       Staff of energy   |       |       |       |       |       |       |    15 |    40 |     6 ||    61
       Lamp of fire      |       |       |       |       |       |       |       |       |     2 ||     2
       Fan of gales      |       |       |       |       |       |       |       |       |     1 ||     1
       Sack of spiders   |       |       |       |       |       |       |       |       |     8 ||     8
       Phial of floods   |       |       |       |       |       |       |       |       |     2 ||     2
       Stone of tremors  |       |       |       |       |       |       |       |       |     1 ||     1
  Use: Scroll            |       |     3 |     1 |    15 |     9 |    23 |    14 |    32 |    57 ||   154
       Potion            |       |     3 |     3 |     9 |       |     1 |     4 |    11 |    26 ||    57
 Stab: Sleeping          |       |       |     1 |       |       |       |       |       |    25 ||    26
       Distracted        |       |       |       |       |       |       |       |       |     4 ||     4
  Eat: Chunk             |     2 |     5 |    18 |    24 |    64 |   140 |    92 |    40 |   167 ||   552
       Royal jelly       |       |       |     1 |     2 |       |       |     1 |     1 |     2 ||     7
       Bread ration      |       |       |     2 |     5 |       |     1 |     5 |     1 |    10 ||    24
       Fruit             |       |       |       |     2 |     2 |    13 |    17 |       |    28 ||    62
       Beef jerky        |       |       |       |       |     2 |     3 |     1 |     3 |     7 ||    16
       Meat ration       |       |       |       |       |     2 |     5 |     8 |     9 |     7 ||    31
       Pizza             |       |       |       |       |       |     1 |       |     3 |     3 ||     7
